AoeStats
← simirfan

Nomad

512989493Analyzed
3v3 RM · 7d ago on Oct 11, 2026· 58m 29s· 6 players
Game mode
Random Map
Map size
210×210
Population
200
Speed
Normal
Resources
Standard
Victory
Conquest
Starting age
Dark Age
Ending age
Imperial Age
RankedLock teamsTeams togetherTeam positionsShared explorationLock speedFull tech treeHidden civsTurbo modeCheats
Victory
Defeat
🇨🇭 Italians · Switzerland
1189
+15
🇨🇭 Saxons · Switzerland
1178
+16
🇨🇭 Wei · Switzerland
1100
+18
vs
🇹🇷 Goths · Türkiye
1185
-17
🇹🇷 Huns · Türkiye
1161
-16
🇹🇷 Persians · Türkiye
1157
-16
7S | Hege
5:10 Loom
13:24 Feudal Age
16:24 Double-Bit Axe
19:08 Castle Age
18:07 Stone Mining
18:39 Forging
18:31 Scale Mail Armor
18:57 Horse Collar
20:49 Fletching
21:15 Chain Mail Armor
28:18 Wheelbarrow
30:22 Squires
31:30 Bodkin Arrow
42:53 Padded Archer Armor
48:41 Ballistics
48:16 Guard Tower
50:09 Heated Shot
53:31 Hand Cart
54:49 Leather Archer Armor
57:09 Imperial Age
54:44 Gambesons
58:52 Iron Casting
58:47 Plate Mail Armor
59:17 Keep
muggestutz
4:50 Loom
14:03 Feudal Age
17:54 Castle Age
17:04 Double-Bit Axe
17:01 Horse Collar
19:03 Bow Saw
20:27 Heavy Plow
25:23 Wheelbarrow
25:45 Town Watch
27:10 Bloodlines
27:16 Hand Cart
27:04 Husbandry
33:29 Imperial Age
32:19 Gold Mining
32:20 Stone Mining
32:52 Scale Barding Armor
33:06 Forging
34:05 Chain Barding Armor
35:37 Iron Casting
34:34 Heavy Hei Guang Cavalry
35:49 Conscription
35:29 Elite Tiger Cavalry
37:52 Blast Furnace
38:28 Gold Shaft Mining
43:06 Ming Guang Armor
55:16 Stone Shaft Mining
55:15 Crop Rotation
54:46 Town Patrol
59:04 Chemistry
Dattelprinz
9:27 Loom
12:45 Feudal Age
13:40 Double-Bit Axe
15:02 Fishing Lines
16:21 Town Watch
20:56 Castle Age
19:36 Wheelbarrow
20:44 Horse Collar
21:00 Gold Mining
21:58 Medium Warships
21:42 Gillnets
22:11 Medium Warships
26:47 Imperial Age
24:20 Stone Mining
26:06 Bow Saw
25:37 Horse Collar
26:36 Stone Shaft Mining
31:20 Imperial Age
33:30 Chemistry
39:28 Two-Man Saw
40:49 Conscription
46:18 Padded Archer Armor
49:08 Pirotechnia
55:09 Leather Archer Armor
55:12 Hand Cart
57:50 Ring Archer Armor
57:12 Fletching
simirfan
2:44 Loom
15:00 Feudal Age
15:37 Man-at-Arms
17:30 Double-Bit Axe
17:50 Scale Mail Armor
19:17 Forging
19:00 Horse Collar
19:59 Gold Mining
20:26 Fishing Lines
25:36 Castle Age
25:32 Wheelbarrow
24:43 Town Watch
25:57 Stone Mining
26:13 Long Swordsman
27:16 Chain Mail Armor
29:36 Hand Cart
30:07 Gillnets
31:18 Iron Casting
35:04 Heavy Plow
38:30 Imperial Age
38:01 Town Patrol
38:49 Anarchy
40:35 Crop Rotation
41:09 Two-Handed Swordsman
42:22 Perfusion
42:43 Conscription
41:54 Sappers
42:28 Squires
42:52 Pikeman
43:03 Champion
43:31 Capped Ram
44:15 Halberdier
47:39 Chemistry
46:35 Murder Holes
46:51 Masonry
50:19 Blast Furnace
49:20 Padded Archer Armor
49:10 Fletching
49:27 Scale Barding Armor
M.S.
5:34 Loom
13:47 Feudal Age
18:25 Castle Age
16:28 Fishing Lines
18:04 Wheelbarrow
17:41 Forging
17:57 Scale Barding Armor
18:27 Gold Mining
19:27 Bloodlines
19:57 Husbandry
23:13 Hand Cart
23:13 Medium Warships
23:09 Double-Bit Axe
23:19 Horse Collar
27:46 Heavy Plow
28:16 Town Watch
28:45 Light Cavalry
31:43 Town Patrol
33:52 Thumb Ring
35:58 Padded Archer Armor
36:55 Leather Archer Armor
39:27 Elite Skirmisher
41:06 Fletching
46:29 Gillnets
50:01 Ballistics
50:30 Stone Mining
51:16 Gold Shaft Mining
50:56 Marauders
51:21 Crossbowman
52:41 Iron Casting
52:57 Scale Mail Armor
54:47 Chain Barding Armor
55:00 Bodkin Arrow
58:40 Chain Mail Armor
Geosim
3:15 Loom
5:00 Loom
14:01 Feudal Age
14:20 Double-Bit Axe
14:49 Fishing Lines
18:21 Wheelbarrow
21:47 Castle Age
19:55 Stone Mining
21:28 Fletching
22:53 Bow Saw
23:20 Gillnets
23:49 Bodkin Arrow
24:36 Medium Warships
25:00 Town Watch
29:06 Horse Collar
30:25 Gold Mining
31:55 Gold Shaft Mining
32:02 Stone Shaft Mining
33:12 Heavy Plow
34:08 Hand Cart
36:28 Imperial Age
35:28 Husbandry
35:39 Bloodlines
36:22 Hand Cart
36:22 Kamandaran
36:30 Padded Archer Armor
36:41 Forging
36:36 Scale Barding Armor
37:59 Chemistry
37:20 Ballistics
36:36 Crossbowman
38:19 Conscription
38:09 Thumb Ring
37:49 Light Cavalry
39:01 Devotion
40:03 Two-Man Saw
39:11 Hussar
40:14 Chain Barding Armor
41:33 Cavalier
43:17 Plate Barding Armor
42:58 Leather Archer Armor
44:02 Savar
45:50 Iron Casting
45:45 Ring Archer Armor
46:14 Crop Rotation
46:18 Citadels
49:47 Elite Cannon Galleon
Connection lost

Rejoining the realm…

Still unreachable

The connection could not be restored.

Session expired

The server has moved on; the page needs a fresh start.